 Dungeon Crawl Stone Soup version 0.24-a0-458-gfcb5e6da0e (webtiles) character file.

Game seed: 17526506702885336981

8 KristoblXynda the Slasher (level 2, 0/22 HPs)
             Began as a Demonspawn Gladiator on June 26, 2019.
             Slain by a leopard gecko (1 damage)
             ... on level 1 of the Dungeon.
             The game lasted 00:00:41 (277 turns).

KristoblXynda the Slasher (Demonspawn Gladiator)     Turns: 277, Time: 00:00:42

Health: 0/22       AC:  4    Str: 14    XL:     2   Next: 0%
Magic:  2/2        EV: 12    Int:  9    God:
Gold:   23         SH:  0    Dex: 14    Spells: 1/1 levels left

rFire    . . .     SeeInvis .   a - +0 long sword
rCold    . . .     Gourm    .   (no shield)
rNeg     . . .     Faith    .   b - +0 leather armour
rPois    .         Spirit   .   c - +0 helmet
rElec    .         Reflect  .   (no cloak)
rCorr    .         Harm     .   (no gloves)
MR       .....                  (no boots)
Stlth    +.........             (no amulet)
HPRegen  0.07/turn              (no ring)
MPRegen  0.08/turn              (no ring)

@: no status effects
A: demonic guardian 1
a: no special abilities


You were on level 1 of the Dungeon.
You were not hungry.

You visited 1 branch of the dungeon, and saw 1 of its levels.

You collected 23 gold pieces.

Inventory:

Hand Weapons
 a - a +0 long sword (weapon)
Missiles
 d - 3 throwing nets (quivered)
Armour
 b - a +0 leather armour (worn)
 c - a +0 helmet (worn)
Scrolls
 e - a scroll of identify {unknown}
Comestibles
 f - a ration


   Skills:
 + Level 2.1 Fighting
 * Level 2.8 Long Blades
 - Level 2.0 Throwing
 + Level 0.0 Armour
 + Level 2.8 Dodging


You had one spell level left.
You didn't know any spells.
Your spell library was empty.

Dungeon Overview and Level Annotations

Branches:
Dungeon (1/15)

Altars:


Innate Abilities, Weirdness & Mutations

A weak demonic guardian rushes to your aid.


Message History

You miss the leopard gecko. The leopard gecko bites you.
All of the chunks of flesh in your inventory have rotted away.
You hit the leopard gecko but do no damage.
The leopard gecko barely misses you.
A bat comes into view.
The leopard gecko bites you.
* * * LOW HITPOINT WARNING * * *
The bat moves out of view.
You completely miss the leopard gecko. The leopard gecko closely misses you.
Your leather armour prevents you from hitting the leopard gecko.
The leopard gecko misses you. x2
You barely miss the leopard gecko. The leopard gecko bites you.
* * * LOW HITPOINT WARNING * * *
You aren't carrying any potions.
You miss the leopard gecko. The leopard gecko misses you.
You riposte.
You hit the leopard gecko.
The leopard gecko is almost dead.
The rat twitches its whiskers.
The leopard gecko bites you.
You die...

####+####.####........#.....##.
..#..........#.####+#.#..####
..#.......##.#.## #...#..#
..#.....!..........#..#..#
..#......###..####.#..#..########
..#...........####..............#
..†.............##....#..######.#
.........[....####....#..# #.#
.....###.....rgl@.....#..# #.#
.....# ######.###.#......# #.#
......# #..........#.# #.#
.##....# ...........#.# #.# .
#....# ##..####......######.# .
#....# #..# #.#...........# .
#....# #..# #........#### .....+
.... #....###.# #....###.#


You could see a leopard gecko, a goblin and a rat.

Vanquished Creatures
  A ball python (D:1)
  A giant cockroach (D:1)
  A goblin (D:1)
  A hobgoblin (D:1)
  A jackal (D:1)
  A kobold (D:1)
  A rat (D:1)
7 creatures vanquished.

Notes
Turn   | Place    | Note
-------+----------+-------------------------------------------
     0 | D:1      | KristoblXynda the Demonspawn Gladiator began the quest for
                  | the Orb.
     0 | D:1      | Reached XP level 1. HP: 16/16 MP: 1/1
   270 | D:1      | Gained mutation: A weak demonic guardian rushes to your
                  | aid. [demonic ancestry]
   270 | D:1      | Reached XP level 2. HP: 12/22 MP: 2/2
   275 | D:1      | HP: 1/22 [leopard gecko (2)]
   277 | D:1      | Slain by a leopard gecko

Levels and vault maps discovered:
D:1:      nicolae_arrival_washed_ashore, layout_basic

Skill      XL: |  1 |
---------------+----+-----
Throwing       | 2 |  2.0
Fighting       | |  2.1
Long Blades    | |  2.8
Dodging        | |  2.8

Action                   || total
-------------------------++-------
Melee: Long sword        ||    26
Armor: Leather armour    ||     7
Dodge: Dodged            ||    30
       Rpst.: Long sword ||    12

Table legend:
 A = Non-vault XP
 B = Vault XP
 C = Vault XP percentage of total XP
 D = Non-vault monster count
 E = Vault monster count
 F = Vault count percentage of total count
                 A         B        C        D         E       F
            +---------+---------+-------+---------+---------+-------
      Total |      12 |       0 |   0.0 |       7 |       0 |   0.0
            +---------+---------+-------+---------+---------+-------
        D:1 |      12 |       0 |   0.0 |       7 |       0 |   0.0
            +---------+---------+-------+---------+---------+-------
